 Dungeon Crawl Stone Soup version 0.25-a0-489-g9ae84a01e3 (console) character file.

Game seed: 8910153324813258084, levelgen mode: deterministic

168118 Kagalorn the Peltast (level 18, 0/140 HPs)
             Began as a Formicid Air Elementalist on Feb 11, 2020.
             Was the Champion of Qazlal.
             Slain by a nagaraja
             ... wielding a +0 spear
              (3 damage)
             ... on level 4 of the Snake Pit.
             The game lasted 02:26:44 (38654 turns).

Kagalorn the Peltast (Formicid Air Elementalist)   Turns: 38654, Time: 02:26:44

Health: 0/140      AC: 20    Str: 14    XL:     18   Next: 57%
Magic:  11/32      EV: 16    Int: 28    God:    Qazlal [******]
Gold:   2500       SH: 26    Dex: 11    Spells: 23/37 levels left

rFire    + . .     SeeInvis +   a - +1 lajatang (elec)
rCold    + + +     Gourm    .   R - +0 pavise {AC+3}
rNeg     . . .     Faith    .   N - +0 swamp dragon scales
rPois    +         Spirit   .   (helmet unavailable)
rElec    .         Reflect  .   U - scarf {rC+ rF+}
rCorr    .         Harm     .   C - +0 pair of gloves
MR       ++...                  i - +1 pair of boots {Stlth+}
Stlth    +.........             F - amulet of Houmuvu {+Inv Regen+ Stlth+}
HPRegen  0.73/turn              J - +4 ring of evasion
MPRegen  0.23/turn              Z - ring of Temperance {rC++ MR+ Int+6}

@: lethally poisoned (0 -> -1), protected from physical damage, constricted,
studying Throwing, repel missiles
A: permanent stasis, dig shafts and tunnels, four strong arms, antennae 3,
blurry vision 1
a: Dig, Shaft Self, Upheaval, Elemental Force, Disaster Area, Renounce Religion,
Evoke Invisibility


You were on level 4 of the Snake Pit.
You worshipped Qazlal.
Qazlal was exalted by your worship.
You were not hungry.

You visited 5 branches of the dungeon, and saw 28 of its levels.
You also visited: Trove, Sewer, Gauntlet and Volcano.

You collected 2976 gold pieces.
You spent 476 gold pieces at shops.

Inventory:

Hand Weapons
 a - a +1 lajatang of electrocution (weapon)
 b - a +2 arbalest of freezing
 w - the +10 dark maul {vorpal}
   (You took it off a minotaur in a Gauntlet)

   It inflicts extra damage upon your enemies.
Missiles
 l - 408 bolts
 q - 892 arrows
 r - 24 silver javelins (quivered)
 T - 18 curare-tipped darts
Armour
 i - a +1 pair of boots of stealth (worn)
 C - a +0 pair of gloves (worn)
 E - a +1 chain mail of fire resistance
 N - +0 swamp dragon scales (worn)
 R - a +0 pavise of protection (worn)
 U - a scarf of resistance (worn)
 W - a +1 cloak of invisibility
Magical Staves
 L - an uncursed staff of fire
Jewellery
 k - an uncursed ring of protection from cold
 n - an uncursed ring of flight
 p - an uncursed amulet of regeneration
 z - an uncursed ring of protection from fire
 D - an uncursed ring of resist corrosion
 F - the amulet of Houmuvu (around neck) {+Inv Regen+ Stlth+}
   (You found it in a Gauntlet)

   [amulet of regeneration]

   It lets you turn invisible.
   It increases your rate of regeneration.
   It makes you more stealthy.
 G - an uncursed ring of poison resistance
 J - a +4 ring of evasion (left hand)
 Z - the ring of Temperance (right hand) {rC++ MR+ Int+6}
   (You found it on level 5 of the Lair of Beasts)

   [ring of protection from magic]

   It affects your intelligence (+6).
   It greatly protects you from cold.
   It affects your resistance to hostile enchantments.
Wands
 f - a wand of scattershot (5)
 h - a wand of enslavement (7)
 m - a wand of digging (7)
 O - a wand of acid (22)
 P - a wand of flame (97)
 S - a wand of polymorph (10)
 X - a wand of iceblast (9)
 Y - a wand of random effects (11)
Scrolls
 e - 9 scrolls of remove curse
 j - 6 scrolls of magic mapping
 o - 2 scrolls of enchant weapon
 s - 4 scrolls of fear
 y - 2 scrolls of enchant armour
 B - 8 scrolls of fog
 Q - 4 scrolls of identify
Potions
 d - 2 potions of magic
 g - 6 potions of mutation
 t - 9 potions of might
 u - 9 potions of curing
 v - 5 potions of heal wounds
 x - 2 potions of brilliance
 A - 3 potions of resistance
 I - 2 potions of agility
 K - a potion of cancellation
 V - 2 potions of ambrosia
Books
 H - a manual of Throwing
Comestibles
 c - 37 rations


   Skills:
 + Level 12.2 Fighting
 - Level 14.0 Staves
 - Level 10.0 Armour
 - Level 10.0 Dodging
 - Level 2.4 Stealth
 - Level 15.0 Shields
 - Level 10.0 Spellcasting
 - Level 2.0 Conjurations
 - Level 2.0 Charms
 - Level 5.0 Summonings
 - Level 8.0 Air Magic
 - Level 2.0 Poison Magic
 * Level 14.2 Invocations


You had 23 spell levels left.
You knew the following spells:

 Your Spells              Type           Power        Failure   Level  Hunger
a - Shock                 Conj/Air       ####         1%          1    None
b - Airstrike             Air            ######....   2%          4    None
d - Summon Lightning Spi  Summ/Air       ######..     4%          4    None
e - Mephitic Cloud        Conj/Pois/Air  #####...     4%          3    None
g - Swiftness             Chrm/Air       #####...     1%          2    None

Your spell library contained the following spells:

 Spells                   Type           Power        Failure   Level  Hunger
 Call Imp                 Summ           #####...     1%          2    None
 Poisonous Vapours        Pois/Air       #####.       1%          2    None
 Call Canine Familiar     Summ           #####...     2%          3    None
 Static Discharge         Conj/Air       #####...     2%          3    None
 Infusion                 Chrm           ####         3%          1    None
 Magic Dart               Conj           ####         3%          1    None
 Sting                    Tmut/Pois      ###.         4%          1    None
 Song of Slaying          Chrm           ####....     4%          2    None
 Corona                   Hex            ##.....      7%          1    None
 Shroud of Golubria       Chrm/Tloc      ###...       7%          2    None
 Slow                     Hex            ##......     11%         2    None
 Conjure Flame            Conj/Fire      ###.....     14%         3    None
 Ozocubu's Armour         Chrm/Ice       ###.....     14%         3    None
 Spectral Weapon          Hex/Chrm       ###.....     14%         3    None
 Ignite Poison            Fire/Tmut/Pois ###.....     16%         3    None
 Inner Flame              Hex/Fire       ##......     21%         3    None
 Portal Projectile        Hex/Tloc       ##....       21%         3    None
 Summon Ice Beast         Ice/Summ       ####....     24%         4    None
 Lightning Bolt           Conj/Air       #####.....   24%         5    ###....
 Olgreb's Toxic Radiance  Pois           ####....     30%         4    None
 Fulminant Prism          Conj/Hex       ###.......   41%         4    None
 Cause Fear               Hex            ##........   56%         4    None
 Leda's Liquefaction      Hex/Erth       ##........   56%         4    None
 Blink                    Tloc           Unusable     N/A         2    N/A

Dungeon Overview and Level Annotations

Branches:
Dungeon (15/15)            Temple (1/1) D:6            Lair (6/6) D:11
 Shoals (0/4) Lair:2        Snake (4/4) Lair:3        Slime (0/5) Lair:5
    Orc (2/2) D:10            Elf (0/3) Orc:2        Vaults (0/5) D:13
 Depths (0/5) D:15          Sewer (visited)         Volcano (visited)
Gauntlet (visited)

Altars:
Ashenzari
Cheibriados
Dithmenos
Elyvilon
Fedhas
Gozag
Hepliaklqana
Kikubaaqudgha
Makhleb
Nemelex Xobeh
Okawaru
Qazlal
Ru
Sif Muna
Trog
Uskayaw
Vehumet
Wu Jian
Xom
Yredelemnul
Zin
The Shining One
Beogh
Jiyva

Shops:
D:10 [   Orc:2 [%((   Snake:1 (

Annotations:
D:13 1 runed translucent door, Yteday's ghost, journeyman GrFE
Lair:4 exclusion: oklob plant
Snake:4 Aizul
Orc:2 2 transporters, walterwhite's ghost, journeyman MiFi


Innate Abilities, Weirdness & Mutations

You cannot be hasted, slowed, berserked, paralysed or teleported.
You can dig through walls and to a lower floor.
Your four strong arms can wield two-handed weapons with a shield.
You have a pair of large antennae on your head. (SInv)
Scrolls take you a little longer to read.


Message History

You kill the shock serpent!
Qazlal accepts your kill.
The blast of magma engulfs Aizul!
Aizul is heavily wounded.
The air sparks with electricity, shocking you!
* * * LOW HITPOINT WARNING * * *
Your resistance to physical damage fades away.
You feel protected from electricity.
You feel sick.
You hear an angry hiss. x2
You block the black mamba's attack.
A naga comes into view. It is wielding a +0 trident.
Aizul hits you!
* * * LOW HITPOINT WARNING * * *
Your resistance to electricity fades away.
You feel protected from physical attacks.
A nagaraja comes into view.
A naga comes into view. It is wielding a +0 hand axe.
The nagaraja hits you with a +0 spear.
You die...

..........#NN
...(...#.N)
#......#.N
##.....≈≈≈#{
##..§§)†)≈.##{
...≈§§≈☼≈≈≈.##
...)..§S†....##
.).≈.☼S@§)≈...#
..≈†.[)N§○≈≈...
.....°°≈°.≈≈.≈.
≈.....≈.≈≈.≈...
............≈≈.
%.....#####.$..
§...## ##≈.
§§.. ..


You could see Aizul, 2 nagarajas, a black mamba and 3 nagas.

Vanquished Creatures
  Rupert (D:15)
  Asterion (Snake:3)
  2 nagarajas (Snake:4)
  Snorg (D:13)
  4 hydras
  4 vault guards (D:13)
  A hell beast (Gauntlet)
  6 naga warriors
  2 ogre magi (Orc:2)
  A merfolk avatar (Lair:6)
  6 centaur warriors
  A catoblepas (Lair:6)
  A death knight (D:13)
  8 anacondas
  4 death yaks
  11 two-headed ogres
  Erica (D:9)
  A tengu warrior (D:13)
  10 shock serpents
  11 naga sharpshooters
  A fire crab (shapeshifter) (D:14)
  4 skeletal warriors
  A fire crab (Gauntlet)
  2 salamander mystics
  5 unseen horrors
  4 sea snakes (Snake:3)
  2 deep trolls (Orc:2)
  9 naga ritualists
  2 orc knights
  2 deep elf magi
  2 orc sorcerers
  3 harpies (Lair:6)
  14 mana vipers
  12 salamanders
  8 cyclopes
  13 ugly things
  3 manticores
  A wolf spider (D:15)
  A moth of wrath (D:6)
  Maurice (D:8)
  43 black mambas
  2 guardian serpents
  14 naga magi
  Psyche (D:8)
  8 elephants
  7 spiny frogs
  A smoke demon (Volcano)
  2 gargoyles
  Maggie (D:7)
  A centaur skeleton (D:14)
  A minotaur zombie (Gauntlet)
  A komodo dragon (shapeshifter) (D:14)
  A yaktaur (shapeshifter) (D:14)
  4 rime drakes
  13 komodo dragons
  4 yaktaurs (D:15)
  2 tengu conjurers (D:14)
  12 trolls
  2 red devils (Volcano)
  Prince Ribbit (D:7)
  A queen bee (Orc:1)
  A snapping turtle (Lair:2)
  5 slime creatures (D:13)
  3 wind drakes
  4 hornets
  9 blink frogs
  13 polar bears
  6 dream sheep (Lair:4)
  6 hippogriffs
  A centaur simulacrum (D:15)
  37 yaks
  A wraith (D:12)
  A shadow (D:14)
  4 basilisks
  7 wyverns
  A hog (shapeshifter) (D:15)
  3 fire bats (Gauntlet)
  3 vampire mosquitoes (D:15)
  Menkaure (D:7)
  3 wargs
  2 acid dragons
  2 soldier ants
  44 nagas
  13 porcupines
  9 water moccasins
  A hell hound (Volcano)
  3 ice beasts
  18 orc warriors
  3 sky beasts
  7 black bears (Lair:1)
  22 ogres
  A necrophage (D:7)
  2 eyes of draining
  8 phantoms
  15 crocodiles
  22 wolves
  17 centaurs
  7 big kobolds
  14 bullfrogs
  A wyvern zombie (D:13)
  3 scorpions
  29 killer bees
  2 howler monkeys
  An electric eel (Snake:3)
  5 centaur zombies
  8 crimson imps
  A quasit (D:9)
  2 bullfrog zombies
  A lava snake (Orc:1)
  3 bullfrog skeletons
  2 jellies
  7 hounds
  2 iguanas
  13 orc priests
  16 orc wizards
  Jessica (D:2)
  Terence (D:2)
  10 worker ants
  A hound skeleton (D:9)
  2 worker ant zombies
  15 gnolls
  14 adders
  6 river rats (Sewer)
  A shadow imp (D:6)
  An ooze (D:4)
  2 adder zombies
  3 adder skeletons
  7 worms
  3 dart slugs
  3 leopard geckos
  55 orcs
  8 giant cockroaches
  9 hobgoblins
  11 jackals
  4 quokkas
  2 ball pythons
  8 bats
  12 frilled lizards
  7 goblins
  A goblin skeleton (D:6)
  2 goblin zombies (D:6)
  3 hobgoblin zombies (D:6)
  41 kobolds
  A kobold zombie (D:6)
  A leopard gecko skeleton (D:4)
  An orc skeleton (D:6)
  2 orc zombies (D:6)
  24 rats
  2 butterflies (Lair:6)
  A fire vortex (Orc:1)
  A plant (Gauntlet)
970 creatures vanquished.

Vanquished Creatures (collateral kills)
  A minotaur (Gauntlet)
  A hydra (D:15)
  A skeletal warrior (D:15)
  An ugly thing (D:14)
  A centaur skeleton (D:14)
  A black mamba (Snake:1)
  A yaktaur (D:15)
7 creatures vanquished.

Vanquished Creatures (others)
  A naga (Snake:1)
  A kobold (D:12)
  13 fungi
  27 plants
42 creatures vanquished.

Grand Total: 1019 creatures vanquished

Notes
Turn   | Place    | Note
-------+----------+-------------------------------------------
     0 | D:1      | Kagalorn the Formicid Air Elementalist began the quest for
                  | the Orb.
     0 | D:1      | Reached XP level 1. HP: 13/13 MP: 3/3
   238 | D:1      | Reached skill level 1 in Conjurations
   238 | D:1      | Reached XP level 2. HP: 19/19 MP: 0/5
   785 | D:1      | Reached XP level 3. HP: 23/25 MP: 6/6
  1746 | D:2      | Learned a level 2 spell: Swiftness
  1772 | D:2      | Reached skill level 1 in Fighting
  1841 | D:2      | Noticed Terence
  1877 | D:2      | Noticed Jessica
  1896 | D:2      | Killed Jessica
  1896 | D:2      | Reached XP level 4. HP: 32/32 MP: 3/8
  2635 | D:3      | Reached XP level 5. HP: 37/37 MP: 0/9
  2642 | D:3      | Found a snail-covered altar of Cheibriados.
  2777 | D:3      | Found a glowing drain.
  2814 | Sewer    | Entered a sewer
  3352 | Sewer    | Reached XP level 6. HP: 40/44 MP: 5/11
  3411 | Sewer    | Reached skill level 1 in Charms
  4062 | D:3      | Noticed a phantom
  4146 | D:3      | Killed a phantom
  4777 | D:4      | Reached XP level 7. HP: 47/50 MP: 7/13
  5233 | D:4      | Found a sparkling altar of Nemelex Xobeh.
  5714 | D:4      | Found a hazy altar of Hepliaklqana.
  5726 | D:4      | Reached skill level 5 in Spellcasting
  5988 | D:4      | Found a bloodstained altar of Trog.
  6127 | D:5      | Entered Level 5 of the Dungeon
  6153 | D:5      | Gained mutation: Scrolls take you a little longer to read.
                  | [mutagenic glow]
  6641 | D:5      | Learned a level 4 spell: Airstrike
  6713 | D:5      | Found an ornate altar of the Wu Jian Council.
  6909 | D:5      | Reached skill level 5 in Air Magic
  6909 | D:5      | Reached XP level 8. HP: 57/57 MP: 3/15
  7674 | D:6      | Found a staircase to the Ecumenical Temple.
  7690 | Temple   | Entered the Ecumenical Temple
  7795 | Temple   | Became a worshipper of Qazlal Stormbringer
  8041 | D:6      | Reached skill level 1 in Invocations
  8350 | D:6      | Reached XP level 9. HP: 65/65 MP: 4/16
  8373 | D:6      | Found a glowing golden altar of the Shining One.
  8721 | D:6      | Reached * piety under Qazlal
  8964 | D:6      | Noticed a moth of wrath
  9049 | D:6      | Found a bloodstained altar of Trog.
  9141 | D:6      | Killed a moth of wrath
  9616 | D:2      | Killed Terence
  9738 | D:7      | Found a white marble altar of Elyvilon.
  9972 | D:7      | Noticed Prince Ribbit
  9975 | D:7      | Killed Prince Ribbit
  9975 | D:7      | Reached skill level 5 in Fighting
  9982 | D:7      | Noticed Menkaure
 10016 | D:7      | Killed Menkaure
 10186 | D:7      | Reached skill level 5 in Invocations
 10295 | D:7      | Found a basalt altar of Yredelemnul.
 10468 | D:7      | Noticed Maggie
 10501 | D:7      | Killed Maggie
 10501 | D:7      | Reached skill level 2 in Shields
 10501 | D:7      | Reached XP level 10. HP: 20/74 MP: 1/17
 10956 | D:7      | Reached skill level 3 in Shields
 11559 | D:8      | Noticed a two-headed ogre
 11576 | D:8      | Killed a two-headed ogre
 11576 | D:8      | Reached skill level 5 in Shields
 11643 | D:8      | Noticed Psyche
 11658 | D:8      | Killed Psyche
 11805 | D:8      | Reached skill level 6 in Shields
 12028 | D:8      | Found a hide-covered altar of Uskayaw.
 12031 | D:8      | Noticed Maurice
 12092 | D:8      | Killed Maurice
 12402 | D:8      | Reached ** piety under Qazlal
 12425 | D:8      | Reached skill level 7 in Shields
 12508 | D:8      | Found a shimmering blue altar of Sif Muna.
 12508 | D:8      | Found a shadowy altar of Dithmenos.
 12536 | D:8      | Found a shattered altar of Ashenzari.
 12539 | D:8      | Found a glowing silver altar of Zin.
 12553 | D:8      | Found a burning altar of Makhleb.
 13172 | D:8      | Found a shimmering blue altar of Sif Muna.
 13172 | D:8      | Found a shadowy altar of Dithmenos.
 13254 | D:8      | Found a shattered altar of Ashenzari.
 13257 | D:8      | Found a glowing silver altar of Zin.
 13271 | D:8      | Found a burning altar of Makhleb.
 13278 | D:8      | Found a hide-covered altar of Uskayaw.
 13407 | D:9      | Reached XP level 11. HP: 67/79 MP: 16/18
 13504 | D:9      | Reached skill level 8 in Shields
 13529 | D:9      | Reached skill level 10 in Invocations
 13549 | D:9      | Noticed Erica
 14229 | D:9      | Reached skill level 9 in Shields
 14814 | D:9      | Learned a level 3 spell: Mephitic Cloud
 14947 | D:9      | Reached skill level 1 in Poison Magic
 15088 | D:9      | Reached *** piety under Qazlal
 15208 | D:9      | Killed Erica
 15331 | D:10     | Entered Level 10 of the Dungeon
 15397 | D:10     | Reached skill level 1 in Staves
 15598 | D:10     | Found a portal to a secret trove of treasure.
 15620 | Trove    | Entered a treasure trove
 15625 | Trove    | Got an ancient ring mail
 15629 | Trove    | Got a tattered robe
 15631 | Trove    | Got a smoking crystal plate armour
 15659 | Trove    | Identified the +0 ring mail of Autotheism {*Corrode +Fly
                  | Regen+ Str-2} (You found it in a treasure trove)
 15706 | Trove    | Identified the +3 crystal plate armour of the Lily {+Fly
                  | rC- Int+4 Dex+4} (You found it in a treasure trove)
 15716 | Trove    | Identified the +4 robe "Yczote" {*Corrode Str+6 Stlth+}
                  | (You found it in a treasure trove)
 15727 | Trove    | Got a slimy plate armour
 15729 | Trove    | Got a polished plate armour
 15731 | Trove    | Got a brightly glowing ring mail
 15757 | Trove    | Identified the +10 plate armour of Past Mistakes {rF+} (You
                  | found it in a treasure trove)
 15767 | Trove    | Identified the +2 plate armour "Ylioxec" {rC+} (You found
                  | it in a treasure trove)
 15777 | Trove    | Identified the +2 ring mail of Proximity {rPois} (You found
                  | it in a treasure trove)
 15969 | D:10     | Found Kouchidd's Antique Armour Emporium.
 15985 | D:10     | Noticed a cyclops
 16856 | D:10     | Found a staircase to the Orcish Mines.
 16924 | D:10     | Found a roughly hewn altar of Beogh.
 16927 | D:10     | Reached skill level 10 in Shields
 17008 | D:10     | Killed a cyclops
 17241 | D:11     | Noticed a centaur warrior
 17251 | D:11     | Killed a centaur warrior
 17251 | D:11     | Reached skill level 11 in Shields
 17364 | D:11     | Reached XP level 12. HP: 43/86 MP: 1/20
 17862 | D:11     | Reached skill level 12 in Shields
 18458 | D:11     | Reached skill level 13 in Shields
 18794 | D:11     | Found a staircase to the Lair.
 19561 | Lair:1   | Entered Level 1 of the Lair of Beasts
 20017 | D:11     | HP: 3/86 [komodo dragon (9)]
 20611 | Lair:1   | Reached skill level 14 in Shields
 20960 | Lair:1   | You fall into a shaft and drop 1 floor!
 21132 | Lair:2   | Reached XP level 13. HP: 73/93 MP: 20/23
 21347 | Lair:1   | Got a jewelled war axe
 21694 | Lair:2   | Found a staircase to the Shoals.
 21930 | Lair:2   | Reached skill level 15 in Shields
 22444 | Lair:3   | Found a staircase to the Snake Pit.
 22861 | Lair:3   | Noticed a five-headed hydra
 22906 | Lair:2   | Killed a five-headed hydra
 22906 | Lair:2   | Reached skill level 5 in Staves
 24002 | Lair:4   | Reached **** piety under Qazlal
 24332 | Lair:3   | Reached XP level 14. HP: 94/104 MP: 15/27
 24479 | Lair:4   | Reached skill level 10 in Spellcasting
 25623 | Lair:5   | Got a bound bone ring
 25625 | Lair:5   | Identified the ring of Temperance {rC++ MR+ Int+6} (You
                  | found it on level 5 of the Lair of Beasts)
 25735 | Lair:5   | Found a staircase to the Slime Pits.
 25735 | Lair:5   | Found a viscous altar of Jiyva.
 25953 | Lair:6   | Entered Level 6 of the Lair of Beasts
 26538 | Lair:5   | Reached ***** piety under Qazlal
 27040 | Lair:6   | Reached skill level 10 in Fighting
 27537 | Lair:6   | Identified the Reference Book on Supportive Hexes
 28381 | D:12     | Reached skill level 10 in Staves
 28739 | D:12     | Identified a scroll of acquirement
 28739 | D:12     | Identified the Catalogue of Shape Shifting and the Glacier
                  | (You acquired it on level 12 of the Dungeon)
 28778 | D:13     | Noticed Sonja
 28779 | D:13     | Noticed Sonja
 28779 | D:13     | Sonja changed into Sonja the warg
 28785 | D:13     | Killed Sonja the warg
 28886 | D:13     | Reached XP level 15. HP: 115/115 MP: 11/29
 28915 | D:13     | Noticed Nessos
 28916 | D:13     | Noticed Nessos
 28916 | D:13     | Nessos changed into Nessos the cyclops
 28936 | D:13     | Killed Nessos the cyclops
 29102 | D:13     | Learned a level 4 spell: Summon Lightning Spire
 29179 | D:13     | Noticed Snorg
 29190 | D:13     | Killed Snorg
 29241 | D:13     | Reached skill level 1 in Armour
 29429 | D:13     | Reached skill level 1 in Summonings
 29533 | D:13     | Found a gate to the Vaults.
 29864 | D:13     | Found a runed translucent door.
 29865 | D:13     | Noticed Yteday's ghost (journeyman GrFE)
 29865 | D:13     | Noticed a frost giant
 29975 | D:13     | Reached ****** piety under Qazlal
 30246 | D:14     | Found a shimmering altar of Xom.
 30865 | D:15     | Entered Level 15 of the Dungeon
 31153 | D:14     | Reached XP level 16. HP: 119/122 MP: 30/30
 31197 | D:15     | Noticed Rupert
 31216 | D:15     | Killed Rupert
 31728 | D:15     | Found a staircase to the Depths.
 32197 | Orc:1    | Entered Level 1 of the Orcish Mines
 32211 | Orc:1    | Found a roughly hewn altar of Beogh.
 32244 | Orc:1    | Found a dark tunnel.
 32312 | Volcano  | Entered a volcano
 33161 | Orc:2    | Entered Level 2 of the Orcish Mines
 33252 | Orc:2    | Found Ysholumm's Food Shop.
 33252 | Orc:2    | Found Qoulia Odadd's Weapon Emporium.
 33252 | Orc:2    | Found Puxukh's Antique Armour Shoppe.
 33262 | Orc:2    | Found a gate leading to a gauntlet.
 33281 | Gauntlet | Entered a Gauntlet
 33281 | Gauntlet | Found a transporter.
 33281 | Gauntlet | Found a transporter.
 33285 | Gauntlet | Found a transporter.
 33285 | Gauntlet | Found a transporter.
 33285 | Gauntlet | Found a transporter.
 33295 | Gauntlet | Found a transporter.
 33299 | Gauntlet | Found a transporter.
 33309 | Gauntlet | Found a transporter.
 33351 | Gauntlet | Found a transporter.
 33413 | Gauntlet | Found a transporter.
 33413 | Gauntlet | Found a transporter.
 33423 | Gauntlet | Found a transporter.
 33604 | Gauntlet | Reached skill level 5 in Armour
 33604 | Gauntlet | Reached skill level 5 in Dodging
 33676 | Gauntlet | Got a shimmering bone amulet
 33679 | Gauntlet | Identified the amulet of Houmuvu {+Inv Regen+ Stlth+} (You
                  | found it in a Gauntlet)
 34005 | Orc:2    | Found Senetin's Weapon Emporium.
 34069 | Orc:2    | Found a staircase to the Elven Halls.
 34286 | Orc:2    | Found a transporter.
 34290 | Orc:2    | Found a transporter.
 34290 | Orc:2    | Noticed walterwhite's ghost (journeyman MiFi)
 34290 | Orc:2    | Identified the +1 dire flail "Idghobimp" {flame, rN+ Str+2
                  | Dex+4 Stlth-}
 34421 | D:10     | Bought a slimy kite shield for 266 gold pieces
 34421 | D:10     | Bought a runed pavise for 210 gold pieces
 34432 | D:10     | Identified the cursed +0 kite shield of the Turtle {+Blink
                  | rN+ Str+4 Int-3} (You bought it in a shop on level 10 of
                  | the Dungeon)
 34620 | Snake:1  | Entered Level 1 of the Snake Pit
 34629 | Snake:1  | Found Wuuzowu's Antique Weapon Shoppe.
 34713 | Snake:1  | Reached XP level 17. HP: 66/128 MP: 26/31
 37486 | Snake:3  | Reached skill level 10 in Armour
 37688 | Snake:3  | Reached skill level 10 in Dodging
 37688 | Snake:3  | Reached XP level 18. HP: 135/135 MP: 32/32
 37869 | Snake:3  | Reached skill level 5 in Summonings
 38341 | Snake:4  | Entered Level 4 of the Snake Pit
 38341 | Snake:4  | Noticed Asterion
 38363 | Snake:3  | Killed Asterion
 38647 | Snake:4  | Noticed Aizul
 38654 | Snake:4  | HP: 3/140 [Aizul (11)]
 38654 | Snake:4  | Slain by a nagaraja

Levels and vault maps discovered:
D:1:      dpeg_arrival_oval, layout_basic
D:2:      layout_rooms, uniq_terence, uniq_jessica
D:3:      minmay_inner_zag, layout_rooms, kennysheep_slug_shrine,
          portal_sewer_entry_d, hangedman_abyss_or_decor_lesser_grid
D:4:      layout_layer_cave, kennysheep_mini_moat,
          nemelex_xobeh_ov_fountains_minmay, lightli_temple_of_fire,
          first_ration
D:5:      layout_basic, lemuel_crystal_altar
D:6:      layout_basic, nicolae_tso_besieged_by_evil, minmay_temple_entry_tees,
          roderic_serpentine_path, kennysheep_flooded_box, tgw_trog
D:7:      layout_layer_cave, kennysheep_ying_yang, uniq_prince_ribbit1,
          uniq_maggie, uniq_menkaure
D:8:      layout_gridville, gammafunk_temple_overflow_statue, bloody_makhleb,
          gammafunk_temple_overflow_elements, basic_altar, uniq_maurice,
          uniq_psyche
D:9:      layout_loops_corners, hangedman_pestilent_swarm,
          kennysheep_generic_room_5, uniq_erica
D:10:     layout_roguey, minmay_orc_entry_temple_small,
          nicolae_trove_entry_crossroad, serial_shops, nicolae_shop_statue_plus
D:11:     layout_rooms, erik_lair_dragon
D:12:     layout_basic
D:13:     layout_roguey, lightli_vaults_fourway_checkpoint,
          ebering_ghost_inner_flame, uniq_sonja, uniq_nessos, uniq_snorg
D:14:     layout_roguey, lemuel_tele_altar, minmay_diced_spiral
D:15:     hangedman_depths_entry_try_elsewhere_first, layout_loops_ring,
          uniq_rupert
Temple:   kb_temple_of_zot
Lair:1:   beast_lair_carwin_large_4, layout_chaotic_city, lemuel_fruit_fields,
          grunt_megastairs_1
Lair:2:   layout_big_grid, minmay_shoals_entry_hut
Lair:3:   layout_gridlike, minmay_snake_entry_guardpost_small,
          lemuel_fruit_tree, grunt_megastairs_5, infiniplex_staircase_pool
Lair:4:   layout_regular_city, lemuel_fruit_fields
Lair:5:   wander_river, layout_cave_pods, slime_altar_1,
          chequers_serial_rivers_marsh
Lair:6:   gammafunk_lair_ancient_temple, layout_loops_ring, lemuel_fruit_fields
Snake:1:  layout_onion, serial_shops, shop_fountains, grunt_ministairs_14
Snake:2:  layout_honeycomb
Snake:3:  layout_misc_corridors, grunt_megastairs_3, serial_bayou_shore_a,
          serial_bayou_shore_b
Snake:4:  johnstein_snake_rune_scales, layout_cave_town, serial_shops,
          nicolae_shop_stone, shop, shop_statue, shop,
          nicolae_shop_window_shopping, uniq_aizul, uniq_asterion, uniq_vashnia
Orc:1:    layout_caves, special_room [special_room_bee],
          nicolae_volcano_entry_hallway, basic_altar, nicolae_orc_lava_tube,
          mines2_lemuel
Orc:2:    st_orc_open, layout_caves, gammafunk_ghost_smash,
          gauntlet_entry_generic

Skill      XL: |  1  2  3  4  5  6  7  8  9 10 11 12 13 14 15 16 17 18 |
---------------+-------------------------------------------------------+-----
Conjurations   | 1 2 |  2.0
Air Magic      | 3 4 5 7 8 |  8.0
Fighting       | 1 2 3 5 7 10 12 | 12.2
Spellcasting   | 3 4 5 6 9 10 | 10.0
Charms         | 1 2 |  2.0
Invocations    | 1 6 9 11 12 13 14 | 14.2
Shields        | 2 7 11 14 15 | 15.0
Poison Magic   | 2 |  2.0
Staves         | 1 3 5 10 13 14 | 14.0
Dodging        | 4 6 10 | 10.0
Armour         | 3 7 10 | 10.0
Summonings     | 3 4 5 |  5.0
Stealth        | |  2.4

Action                   |  1- 3 |  4- 6 |  7- 9 | 10-12 | 13-15 | 16-18 || total
-------------------------+-------+-------+-------+-------+-------+-------++-------
Melee: Short sword       |    33 |     6 |       |       |       |       ||    39
       Quarterstaff      |       |    38 |    54 |       |       |       ||    92
       Flail             |       |       |    73 |   458 |   522 |       ||  1053
       Lajatang          |       |       |       |    56 |   534 |  1106 ||  1696
Throw: Dart              |       |       |     6 |       |       |       ||     6
 Cast: Shock             |    73 |   151 |   232 |   269 |    20 |     2 ||   747
       Airstrike         |       |       |    31 |   142 |   194 |    80 ||   447
       Swiftness         |       |       |     1 |     1 |       |       ||     2
       Summon Lightning  |       |       |       |       |     3 |     7 ||    10
Invok: Upheaval          |       |       |       |       |     1 |     2 ||     3
       Disaster Area     |       |       |       |       |       |     5 ||     5
 Abil: Dig               |       |     4 |     1 |     5 |       |    10 ||    20
Evoke: Wand              |       |       |       |     1 |     3 |     4 ||     8
  Use: Scroll            |       |       |     8 |     3 |    18 |     5 ||    34
       Potion            |       |       |     1 |       |     1 |     3 ||     5
 Stab: Sleeping          |     1 |       |     1 |     2 |       |       ||     4
       Distracted        |       |       |       |       |     2 |     3 ||     5
  Eat: Chunk             |     4 |    10 |    17 |    27 |    36 |    10 ||   104
       Ration            |       |       |     2 |     9 |     1 |     5 ||    17
Armor: Robe              |    14 |    20 |    44 |       |       |       ||    78
       Ring mail         |       |       |     4 |     4 |       |       ||     8
       Skin              |       |       |     1 |       |       |       ||     1
       Swamp dragon scal |       |       |       |   195 |   186 |   122 ||   503
Dodge: Dodged            |    39 |    64 |   119 |   334 |   349 |   261 ||  1166
       Deflected         |       |       |       |       |    15 |    39 ||    54
Block: Other             |       |       |     2 |    16 |       |       ||    18
       Kite shield       |       |       |       |   104 |       |       ||   104
       Pavise            |       |       |       |   267 |  1403 |  1288 ||  2958

Table legend:
 A = Non-vault XP
 B = Vault XP
 C = Vault XP percentage of total XP
 D = Non-vault monster count
 E = Vault monster count
 F = Vault count percentage of total count
                 A         B        C        D         E       F
            +---------+---------+-------+---------+---------+-------
      Total |  168065 |   72104 |  30.0 |     723 |     250 |  25.7
            +---------+---------+-------+---------+---------+-------
        D:1 |      52 |       0 |   0.0 |      32 |       0 |   0.0
        D:2 |      44 |      73 |  62.4 |      13 |       2 |  13.3
        D:3 |      37 |     143 |  79.4 |      11 |       8 |  42.1
        D:4 |     347 |       0 |   0.0 |      22 |       0 |   0.0
        D:5 |     306 |       0 |   0.0 |      15 |       0 |   0.0
        D:6 |    1058 |     539 |  33.8 |      32 |      17 |  34.7
        D:7 |     765 |     853 |  52.7 |      17 |       3 |  15.0
        D:8 |    2653 |    1109 |  29.5 |      26 |       3 |  10.3
        D:9 |    1545 |    1644 |  51.6 |      31 |       6 |  16.2
       D:10 |    3241 |     168 |   4.9 |      34 |       7 |  17.1
       D:11 |    4207 |    1663 |  28.3 |      31 |       7 |  18.4
       D:12 |    5090 |       0 |   0.0 |      43 |       0 |   0.0
       D:13 |   10585 |    9080 |  46.2 |      38 |      15 |  28.3
       D:14 |   19021 |     882 |   4.4 |      51 |       1 |   1.9
       D:15 |    5396 |    4458 |  45.2 |      16 |       5 |  23.8
     Lair:1 |    2187 |    2663 |  54.9 |      15 |      15 |  50.0
     Lair:2 |    9387 |    1056 |  10.1 |      38 |       4 |   9.5
     Lair:3 |   10961 |    1137 |   9.4 |      28 |       2 |   6.7
     Lair:4 |    4778 |       0 |   0.0 |      23 |       0 |   0.0
     Lair:5 |    2965 |    2884 |  49.3 |      14 |      11 |  44.0
     Lair:6 |    4115 |    7927 |  65.8 |      12 |      18 |  60.0
    Snake:1 |   22536 |     560 |   2.4 |      47 |       1 |   2.1
    Snake:2 |   12959 |       0 |   0.0 |      24 |       0 |   0.0
    Snake:3 |   30970 |    3666 |  10.6 |      60 |       5 |   7.7
    Snake:4 |    9562 |    6927 |  42.0 |      16 |      15 |  48.4
      Orc:1 |    2331 |    1845 |  44.2 |      22 |      26 |  54.2
      Orc:2 |     967 |   15861 |  94.3 |      12 |      37 |  75.5
      Sewer |       0 |     125 | 100.0 |       0 |      26 | 100.0
    Volcano |       0 |    2465 | 100.0 |       0 |       7 | 100.0
   Gauntlet |       0 |    4376 | 100.0 |       0 |       9 | 100.0
            +---------+---------+-------+---------+---------+-------
